Map: 莱瑞拉克之冠

Players

shengy

  • Race: Zerg Zerg
  • League: Platinum

CDAS - Winner!

  • Race: Zerg Zerg
  • League: Diamond

VOD

Have the link to the VOD?

Description

Time

  • Played on: Dec. 29, 2015, 11:12 p.m.
  • Length: 4:23
Show
View Real Time Build Order
Export as new Build Order

shengy Zerg 

Build Orders: Pool Only, Zergling Baneling 

Get SALT Encoding   

  12  0:01  Drone  
  13  0:09  Drone  
  14  0:20  Overlord  
  14  0:40  Drone, Spawning Pool  
  14  0:41  Extractor  
  13  0:44  Drone  
  13  0:47  Drone  
  15  1:29  Baneling Nest, Queen  
  15  1:31  Zergling x6  
  19  1:42  Zergling x2  
  20  1:59  Metabolic Boost  
  20  2:01  Zergling x2  
  21  2:08  Overlord  
  21  2:19  Baneling x2  
  21  2:26  Zergling x2  
  21  2:28  Zergling x2  
  23  2:32  Baneling  
  22  3:03  Zergling x6  
  22  3:04  Zergling x2  
  22  3:15  Zergling x6  
  24  3:27  Zergling x2  
  24  3:35  Baneling  
  24  3:36  Baneling x6  
  24  3:42  Zergling x4  
Show
View Real Time Build Order
Export as new Build Order

CDAS Zerg - Winner!

Build Orders: Pool First 

Get SALT Encoding   

  12  0:01  Drone  
  13  0:12  Overlord  
  13  0:17  Drone  
  14  0:31  Drone  
  14  0:33  Drone  
  16  0:42  Spawning Pool  
  15  1:04  Hatchery  
  15  1:07  Drone  
  15  1:17  Extractor  
  15  1:18  Drone x2  
  15  1:20  Drone  
  17  1:30  Queen  
  19  1:40  Overlord  
  19  1:43  Zergling x2  
  20  1:52  Drone  
  21  2:02  Drone  
  21  2:06  Queen  
  24  2:12  Zergling x2  
  25  2:16  Queen  
  25  2:18  Drone  
  25  2:22  Drone  
  29  2:29  Zergling x2  
  30  2:31  Metabolic Boost  
  29  2:37  Drone  
  29  2:38  Drone  
  31  2:48  Zergling x2  
  30  3:00  Zergling x4  
  30  3:08  Zergling x6  
  30  3:17  Zergling x2  
  30  3:23  Drone x3  
  30  3:24  Drone x2  
  34  3:37  Spine Crawler  
  34  3:39  Drone  
  34  3:40  Drone  
  34  3:41  Spine Crawler  
  34  3:43  Drone  
  35  3:52  Overlord  
Tags
 
Add a new tag
Caveats
  • Supply blocks, unpowered buildings, or Contaminate may cause inaccurate times.
  • Supply counts are checked every 10 seconds.